 Dungeon Crawl Stone Soup version 0.22-a0-271-gc000056 (webtiles) character file.

2492 tilp the Frost Mage (level 9, -1/63 HPs)
             Began as a Merfolk Ice Elementalist on Mar 12, 2018.
             Was a Follower of Makhleb.
             Slain by a hornet (4 damage)
             ... on level 8 of the Dungeon.
             The game lasted 00:22:03 (8058 turns).

tilp the Frost Mage (Merfolk Ice Elementalist)      Turns: 8058, Time: 00:22:05

Health: -1/63      AC:  6    Str: 16    XL:     9   Next: 52%
Magic:  8/14       EV: 15    Int: 17    God:    Makhleb [*.....]
Gold:   350        SH:  0    Dex: 14    Spells: 5/15 levels left

rFire    . . .     SeeInvis .   s - +2 dagger (drain)
rCold    . . .     Gourm    .   (no shield)
rNeg     . . .     Faith    .   a - +0 robe
rPois    .         Spirit   .   (no helmet)
rElec    .         Reflect  .   i - +2 cloak
rCorr    .         Harm     .   (no gloves)
MR       .....                  b - +0 pair of boots (curse)
Stlth    ++........             (no amulet)
HPRegen  0.20/turn              n - +2 ring of strength
MPRegen  0.14/turn              (no ring)

@: mighty, lethally poisoned (-1 -> -15)
A: change form in water, swift swim, stealthy swim
a: Renounce Religion


You were on level 8 of the Dungeon.
You worshipped Makhleb.
Makhleb was aware of your devotion.
You were hungry.

You visited 2 branches of the dungeon, and saw 9 of its levels.

You collected 350 gold pieces.

Inventory:

Hand Weapons
 f - a cursed -3 spear
 k - a +4 dagger
 p - a +1 dagger of protection
 s - a +2 dagger of draining (weapon)
 z - a cursed +0 trident
 C - a +0 whip of venom
Missiles
 g - 106 stones (quivered)
Armour
 a - a +0 robe (worn)
 b - a cursed +0 pair of boots (worn)
 i - a +2 cloak (worn)
 w - a +0 buckler
Jewellery
 n - a +2 ring of strength (left hand)
Wands
 j - a wand of disintegration (3)
 q - a wand of acid (5)
 x - a wand of flame (18)
 y - a wand of random effects (30)
 D - a wand of digging (15)
Scrolls
 d - a scroll of fog
 e - 10 scrolls of remove curse
 l - a scroll of immolation
 m - 3 scrolls of amnesia
 o - 4 scrolls of magic mapping
 u - 3 scrolls of enchant weapon
Potions
 h - a potion of berserk rage {unknown}
 t - 2 potions of might
 A - a potion of agility {unknown}
Comestibles
 c - 19 rations


   Skills:
 - Level 3.1 Fighting
 - Level 5.0 Dodging
 - Level 2.1 Stealth
 - Level 4.0 Shields
 + Level 3.8 Spellcasting
 - Level 4.0 Conjurations
 - Level 2.0 Charms
 - Level 10.1 Ice Magic


You had 5 spell levels left.
You knew the following spells:

 Your Spells              Type           Power        Failure   Level  Hunger
a - Freeze                Ice            ####         1%          1    None
b - Throw Frost           Conj/Ice       ####..       1%          2    ##.....
c - Ozocubu's Armour      Chrm/Ice       ###.....     4%          3    ###....
d - Throw Icicle          Conj/Ice       ####....     9%          4    ####...


Dungeon Overview and Level Annotations

Branches:
Dungeon (8/15)             Temple (1/1) D:4
   Lair: D:8-11

Altars:
Ashenzari
Fedhas
Gozag
Hepliaklqana
Kikubaaqudgha
Makhleb
Nemelex Xobeh
Okawaru
Qazlal
Ru
Sif Muna
Trog
Uskayaw
Vehumet
Wu Jian
Xom
Yredelemnul
Zin
The Shining One

Shops:
D:7 (

Annotations:
D:3 Grinder
D:4 Arum's ghost, amateur GnWn
D:6 Sigmund
D:8 Psyche


Message History

Confirm with . or Enter, or press ? or * to list all spells.
Aiming: Freeze (safe; 1% risk of failure)
Press: ? - help, Shift-Dir - straight line, f/p - hornet
Aim: a hornet (moderately wounded)
You freeze the hornet.
The hornet is moderately wounded.
* * * LOW HITPOINT WARNING * * *
You feel sick. The hornet misses you. The hornet closely misses you.
Casting: Freeze (safe; 1% risk of failure)
Confirm with . or Enter, or press ? or * to list all spells.
Aiming: Freeze (safe; 1% risk of failure)
Press: ? - help, Shift-Dir - straight line, f/p - hornet
Aim: a hornet (moderately wounded)
You freeze the hornet.
The hornet is heavily wounded.
You feel yourself speed up.
* * * LOW HITPOINT WARNING * * *
You feel very sick. The hornet closely misses you. The hornet stings you.
You die...

.. #.# .# #.#
.# #.#### #
#..... ..y
###### #### .!.
# ..# ..# # #.#
..# # #@# ..# #
#y# ..# #
.##.#####.##..#
#
..............#
# #####.#.###.#
#.#.###.#
#.......#
###......#
######.#


You could see a hornet.

Vanquished Creatures
  2 sky beasts
  2 ice beasts
  A black bear (D:8)
  An orc warrior (D:7)
  3 centaurs
  An ogre (D:7)
  A big kobold (D:6)
  4 bullfrogs
  A water moccasin zombie (D:7)
  3 scorpions
  4 killer bees (D:8)
  A crimson imp (D:5)
  3 hounds
  A quasit (D:7)
  A centaur skeleton (D:7)
  2 orc priests
  3 iguanas
  6 orc wizards
  2 worker ants
  A bullfrog simulacrum (D:8)
  A hound zombie (D:5)
  A worker ant zombie (D:6)
  4 gnolls
  15 adders
  2 shadow imps
  4 oozes
  An adder zombie (D:5)
  A worm (D:3)
  5 dart slugs
  18 orcs
  2 ball pythons
  6 bats
  3 giant cockroaches
  8 goblins
  10 hobgoblins
  7 jackals
  2 quokkas
  A frilled lizard (D:1)
  A jackal skeleton (D:5)
  17 kobolds
  9 rats
161 creatures vanquished.

Notes
Turn   | Place    | Note
-------+----------+-------------------------------------------
     0 | D:1      | tilp the Merfolk Ice Elementalist began the quest for the Orb.
     0 | D:1      | Reached XP level 1. HP: 13/13 MP: 3/3
   187 | D:1      | Reached XP level 2. HP: 19/19 MP: 3/5
   290 | D:1      | Reached skill level 4 in Ice Magic
   382 | D:1      | Learned a level 2 spell: Throw Frost
   581 | D:1      | Reached XP level 3. HP: 24/24 MP: 2/6
   826 | D:2      | Found a shattered altar of Ashenzari.
   873 | D:1      | Learned a level 3 spell: Ozocubu's Armour
   883 | D:2      | Reached skill level 5 in Ice Magic
   980 | D:2      | Reached XP level 4. HP: 30/30 MP: 7/7
  1435 | D:2      | Found a shimmering altar of Xom.
  1436 | D:2      | Found a hazy altar of Hepliaklqana.
  1436 | D:2      | Noticed a bullfrog
  1437 | D:2      | Noticed a bullfrog
  1437 | D:2      | Noticed a spectral ugly thing
  1702 | D:3      | Noticed Grinder
  1709 | D:3      | Reached skill level 6 in Ice Magic
  1769 | D:3      | Reached XP level 5. HP: 35/35 MP: 8/8
  2463 | D:3      | Reached skill level 7 in Ice Magic
  2878 | D:4      | Reached XP level 6. HP: 44/44 MP: 7/9
  2992 | D:4      | Found an opulent altar of Gozag.
  3077 | D:4      | Noticed Arum's ghost (amateur GnWn)
  3447 | D:4      | Found a staircase to the Ecumenical Temple.
  3456 | Temple   | Entered the Ecumenical Temple
  3733 | Temple   | Became a worshipper of Makhleb the Destroyer
  4051 | D:4      | Found a deep blue altar of Sif Muna.
  4090 | D:5      | Entered Level 5 of the Dungeon
  4098 | D:4      | Reached XP level 7. HP: 26/52 MP: 6/10
  4416 | D:5      | Reached skill level 5 in Dodging
  4439 | D:5      | Reached skill level 1 in Charms
  4542 | D:5      | HP: 2/52 [centaur (1)]
  4969 | D:5      | Reached skill level 8 in Ice Magic
  5092 | D:5      | Found a deep blue altar of Sif Muna.
  5513 | D:6      | Reached XP level 8. HP: 58/58 MP: 3/11
  5713 | D:6      | Reached skill level 9 in Ice Magic
  5946 | D:6      | Found a basalt altar of Yredelemnul.
  5947 | D:6      | Found a bloodstained altar of Trog.
  6238 | D:6      | Noticed Sigmund
  6411 | D:6      | Found an ornate altar of the Wu Jian Council.
  6412 | D:6      | Found a blossoming altar of Fedhas.
  6412 | D:6      | Found a stormy altar of Qazlal.
  6502 | D:6      | Reached skill level 10 in Ice Magic
  6558 | D:7      | Found Jixkogif's Weapon Emporium.
  6678 | D:7      | Reached * piety under Makhleb
  6678 | D:7      | Reached skill level 1 in Shields
  6990 | D:7      | Reached skill level 1 in Conjurations
  6990 | D:7      | Reached XP level 9. HP: 60/63 MP: 0/12
  7747 | D:8      | Learned a level 4 spell: Throw Icicle
  7850 | D:8      | Noticed a troll
  8007 | D:8      | Noticed Psyche
  8007 | D:8      | Noticed a hornet
  8052 | D:8      | Paralysed by a hornet for 2 turns
  8058 | D:8      | HP: 3/63 [poisoned by a hornet]
  8058 | D:8      | Slain by a hornet

Vault maps used:
D:1:      minmay_arrival_hallway
D:2:      regret_index_temple_of_mockery, ashenzari_altar_1
D:3:      uniq_grinder
D:4:      old_standard_altar, nicolae_overflow_hidden_temple, temple_hall,
          first_ration
D:5:      chequers_big_river, led_sif_pool
D:6:      grunt_temple_overflow_open, hangedman_abyss_or_decor_stagger,
          uniq_sigmund
D:7:      serial_shops, shop, grunt_ogre_cave
D:8:      grunt_dithmenos_smoke_and_mirrors, serial_ice, serial_ice_j,
          serial_ice_n, serial_ice_b, serial_ice_f, glass_columns_a, uniq_psyche
Temple:   jpeg_temple_island

Skill      XL: |  1  2  3  4  5  6  7  8  9 |
---------------+----------------------------+-----
Ice Magic      | 4 5 6 7 8 10 | 10.1
Fighting       | 2 3 |  3.1
Dodging        | 4 5 |  5.0
Charms         | 2 |  2.0
Shields        | 4 |  4.0
Conjurations   | 1 4 |  4.0
Spellcasting   | 3 |  3.8
Stealth        | |  2.1

Action                   |  1- 3 |  4- 6 |  7- 9 || total
-------------------------+-------+-------+-------++-------
Melee: Dagger            |    25 |   132 |   345 ||   502
Throw: Stone             |     1 |       |     1 ||     2
 Cast: Freeze            |    34 |    45 |   102 ||   181
       Throw Frost       |       |     7 |    10 ||    17
       Ozocubu's Armour  |       |     4 |    22 ||    26
Evoke: Wand              |       |       |     4 ||     4
  Use: Potion            |       |     3 |     6 ||     9
       Scroll            |       |       |    11 ||    11
 Stab: Sleeping          |     7 |     6 |     1 ||    14
  Eat: Chunk             |     1 |    11 |    14 ||    26
       Ration            |       |       |     1 ||     1
Armor: Robe              |     7 |    47 |   137 ||   191
Dodge: Dodged            |    35 |   116 |   329 ||   480

Table legend:
 A = Spawn XP
 B = Non-spawn XP
 C = Spawn XP percentage of total XP
 D = Spawn monster count
 E = Non-spawn monster count
 F = Spawn count percentage of total count
 G = Total turns spent on level
                    A         B        C        D         E        F      G
               +---------+---------+-------+---------+---------+-------+---------
         Total |       0 |    3561 |   0.0 |       0 |     161 |   0.0 |  8058
               +---------+---------+-------+---------+---------+-------+---------
           D:1 |       0 |      52 |   0.0 |       0 |      24 |   0.0 |   868
           D:2 |       0 |      88 |   0.0 |       0 |      23 |   0.0 |   714
           D:3 |       0 |     161 |   0.0 |       0 |      31 |   0.0 |  1258
           D:4 |       0 |     326 |   0.0 |       0 |      11 |   0.0 |  1349
           D:5 |       0 |     513 |   0.0 |       0 |      18 |   0.0 |  1016
           D:6 |       0 |     685 |   0.0 |       0 |      19 |   0.0 |  1052
           D:7 |       0 |     935 |   0.0 |       0 |      24 |   0.0 |  1029
           D:8 |       0 |     801 |   0.0 |       0 |      11 |   0.0 |   471
               +---------+---------+-------+---------+---------+-------+---------
